 Dungeon Crawl Stone Soup version 0.27-a0-1191-g601b473118 (console) character file.

Game seed: 5719136595557441282

123514 jejorda2 the Severer (level 16, -2/151 HPs)
             Began as a Minotaur Berserker on May 23, 2021.
             Was a High Priest of Trog.
             Shot with a bolt by Vashnia (23 damage)
             ... on level 3 of the Snake Pit.
             The game lasted 01:21:01 (34474 turns).

jejorda2 the Severer (Minotaur Berserker)          Turns: 34474, Time: 01:21:01

Health: -2/151     AC: 23    Str: 30    XL:     16   Next: 37%
Magic:  15/15      EV: 11    Int:  4    God:    Trog [*****.]
Gold:   1083       SH:  0    Dex:  8    Spells: 15/15 levels left

rFire    + . .     SeeInvis +   a - +4 battleaxe
rCold    . . .     Faith    +   (shield currently unavailable)
rNeg     . . .     Spirit   .   Y - +4 plate armour of Laoqures {rElec rPois Dex-3 SInv}
rPois    +         Reflect  .   (helmet restricted)
rElec    +         Harm     .   K - scarf {shadows}
rCorr    .         Rampage  .   Z - +0 pair of gloves
Will     ++...                  R - +0 pair of boots "Fenubberuo" {+Blink Str+2}
Stlth    ..........             S - amulet of faith
HPRegen  0.35/turn              t - ring of protection from fire
MPRegen  0.14/turn              I - ring of willpower

@: on berserk cooldown, slowed, very slow
A: horns 2, retaliatory headbutt
a: Renounce Religion, Evoke Blink, Berserk, Trog's Hand, Brothers in Arms


You were on level 3 of the Snake Pit.
You worshipped Trog.
Trog was extremely pleased with you.
You visited 4 branches of the dungeon, and saw 22 of its levels.
You also visited: Bailey, Gauntlet and Volcano.

You collected 2840 gold pieces.
You spent 1757 gold pieces at shops.

Inventory:

Hand Weapons
 a - a +4 battleaxe (weapon)
 b - the +5 mace of the Bouncing Brambles {elec, Will+}
   (You found it in a bailey)

   Occasionally, upon striking a foe, it can discharge electrical energy and
   cause terrible harm.
   It increases your willpower.
 o - the +4 executioner's axe of Bodily Harmony {vorpal, rElec Will++ Str-3 Dex+10}
   (Trog gifted it to you on level 3 of the Snake Pit)

   It inflicts extra damage upon your enemies.
   It affects your strength (-3).
   It affects your dexterity (+10).
   It insulates you from electricity.
   It greatly increases your willpower.
 y - a +2 antimagic broad axe
Missiles
 i - 6 datura-tipped darts
 j - 5 curare-tipped darts
 p - 8 boomerangs of dispersal
 C - 38 poisoned darts
 G - 23 boomerangs (quivered)
 U - 7 javelins
 W - a throwing net
Armour
 K - a scarf of shadows (worn)
 R - the +0 pair of boots "Fenubberuo" (worn) {+Blink Str+2}
   (You found it in a Gauntlet)

   It affects your strength (+2).
   It lets you blink.
 Y - the +4 plate armour of Laoqures (worn) {rElec rPois Dex-3 SInv}
   (You bought it in a shop on level 2 of the Orcish Mines)

   It affects your dexterity (-3).
   It insulates you from electricity.
   It protects you from poison.
   It lets you see invisible.
 Z - a +0 pair of gloves (worn)
Jewellery
 f - a ring of flight
 t - a ring of protection from fire (left hand)
 u - a ring of ice
 I - a ring of willpower (right hand)
 M - a ring of protection from fire
 S - an amulet of faith (around neck)
Wands
 g - a wand of mindburst (20)
 l - a wand of digging (11)
 r - a wand of polymorph (17)
 w - a wand of acid (11)
 z - a wand of flame (60)
 B - a wand of iceblast (49)
 L - a wand of charming (7)
Scrolls
 m - 5 scrolls of fog
 q - 3 scrolls of fear
 D - 3 scrolls of vulnerability
 F - 6 scrolls of teleportation
 J - a scroll of blinking
 N - a scroll of enchant armour
 O - 2 scrolls of enchant weapon
 T - a scroll of magic mapping
 X - a scroll of summoning
Potions
 c - 4 potions of haste
 d - a potion of magic
 e - 13 potions of curing
 h - 2 potions of lignification
 k - a potion of mutation
 n - 3 potions of resistance
 s - 8 potions of might
 v - 4 potions of attraction
 x - a potion of invisibility
 A - 3 potions of flight
 E - a potion of berserk rage
 H - a potion of ambrosia
 P - 3 potions of heal wounds
 Q - 2 potions of cancellation
Miscellaneous
 V - a lightning rod (4/4)


   Skills:
 - Level 16.2 Fighting
 + Level 20.7(20.9) Axes
 - Level 5.9(15.0) Polearms
 - Level 9.1 Throwing
 - Level 14.0 Armour
 - Level 14.0 Dodging
 - Level 2.2 Stealth
 - Level 8.0 Evocations


You had 15 spell levels left.
You didn't know any spells.
Your spell library was empty.

Dungeon Overview and Level Annotations

Branches:
Dungeon (11/15)            Temple (0/1) D:4            Lair (6/6) D:8
  Swamp (0/4) Lair:4        Snake (3/4) Lair:4        Slime (0/5) Lair:5
    Orc (2/2) D:9             Elf (0/3) Orc:2        Bailey (visited)
Volcano (visited)         Gauntlet (visited)

Altars:
Ashenzari
Cheibriados
Elyvilon
Fedhas
Makhleb
Nemelex Xobeh
Sif Muna
Vehumet
Wu Jian
Xom
Zin
Beogh
Jiyva

Shops:
D:2 [   D:3 *   Orc:2 (*[=   Snake:1 (*(?(:!(?   Snake:2 (?((

Annotations:
D:9 1 runed translucent door, cobaltphoenix's ghost, novice DrVM
Snake:3 Vashnia


Innate Abilities, Weirdness & Mutations

You have a pair of horns on your head.
You reflexively headbutt those who attack you in melee.


Message History

The naga sharpshooter gestures wildly while chanting.
The naga sharpshooter magically shoots an arrow.
The arrow barely misses you.
Vashnia casts a spell.
You closely miss Vashnia.
Vashnia is almost dead.
You miss Vashnia.
Vashnia is almost dead.
The naga sharpshooter shoots an arrow.
The arrow hits you.
Vashnia casts a spell.
Vashnia magically shoots a bolt.
The bolt hits you!!!
* * * LOW HITPOINT WARNING * * *
x2 You slash Vashnia!
Vashnia is almost dead.
You barely miss Vashnia.
Vashnia is almost dead.
The naga sharpshooter spits poison at you.
The splash of poison hits you but does no damage.
You resist.
Vashnia unwields a +2 vorpal arbalest.
Vashnia wields a +1 scimitar of holy wrath.
It softly glows with a divine radiance!
Vashnia hits you with a +1 scimitar of holy wrath!
* * * LOW HITPOINT WARNING * * *
Vashnia closely misses you.
You closely miss Vashnia.
Vashnia is almost dead.
Vashnia blinks!
You are no longer berserk.
Trog's vigour flows through your veins.
You are exhausted.
You feel yourself slow down. Vashnia spits poison at you.
The splash of poison hits you. You resist.
* * * LOW HITPOINT WARNING * * *
Vashnia unwields a +1 scimitar of holy wrath.
It stops glowing.
Vashnia wields a +2 vorpal arbalest.
Vashnia shoots a bolt.
The bolt hits you!
* * * LOW HITPOINT WARNING * * *
x2 Vashnia shoots a bolt.
The bolt hits you!!
You die...

.#
##.<..#..........##.. .
##..)....#........###.
.
######[................
#.
#...)[..)).....#......
##
#(N.[รท)[......##....
#. #.#.N..........# ###
###. #.###...........#
#... #o. ##.........##
#### .... ##....@..## #
#...o ##.....## # ##..o
#..#...# # #.oo
##N..### # #..## ### #
... #.## ## ########
##.## ##.
###...#..#####..###.#
##.......##....###..##


You could see Vashnia (catching breath) and a naga sharpshooter.

Vanquished Creatures
  Saint Roka (Snake:3)
  An orc warlord (Orc:1)
  A minotaur (Gauntlet)
  A fire dragon (Lair:6)
  Josephine (D:10)
  A boulder beetle (D:9)
  2 naga warriors
  10 hydras
  6 anacondas
  5 two-headed ogres
  Erica (D:11)
  4 death yaks (Lair:4)
  4 shock serpents
  An orc high priest (Orc:2)
  4 naga sharpshooters
  Sonja (D:11)
  Nergalle (Orc:2)
  A skeletal warrior (D:8)
  2 salamander mystics
  2 naga ritualists
  2 bog bodies (Lair:4)
  A swamp dragon (Lair:6)
  9 mana vipers
  6 orc knights
  An orc sorcerer (Orc:2)
  11 salamanders
  A manticore (D:8)
  2 guardian serpents (Snake:3)
  16 black mambas
  13 naga magi
  4 torpor snails (Lair:6)
  9 cane toads
  3 rime drakes
  16 komodo dragons
  2 trolls
  10 polar bears (Lair:6)
  2 raiju (Lair:6)
  2 hornets (Gauntlet)
  9 dream sheep
  32 blink frogs
  3 slime creatures
  A vampire (D:11)
  2 wyverns
  2 shadows
  6 basilisks
  2 fire bats (Volcano)
  4 wraiths
  49 yaks
  6 steam dragons
  7 wargs
  18 nagas
  4 acid dragons
  12 water moccasins
  17 hell hounds
  17 black bears
  36 orc warriors
  4 sky beasts (D:7)
  A swamp drake (Lair:6)
  6 ogres
  5 ice beasts
  A necrophage (D:5)
  22 wolves
  14 centaurs
  2 phantoms
  A kobold brigand (D:8)
  15 bullfrogs
  3 scorpions
  A gnoll sergeant (D:5)
  A wyvern skeleton (D:7)
  5 killer bees
  19 wights
  4 howler monkeys
  A crimson imp (D:9)
  7 centaur zombies
  5 hounds
  4 jellies
  22 orc priests
  2 bullfrog zombies
  2 gnoll shamans
  5 iguanas
  21 orc wizards
  A bullfrog skeleton (D:7)
  2 hell rats (Lair:3)
  A hound skeleton (D:5)
  14 gnolls
  6 adders
  6 river rats (Lair:3)
  2 shadow imps
  A white imp (D:7)
  3 ufetubi
  3 worms
  A dart slug (D:2)
  88 orcs
  3 bats
  6 endoplasms
  4 giant cockroaches
  19 goblins
  7 hobgoblins
  3 jackals (D:1)
  6 kobolds
  3 quokkas
  3 frilled lizards
  6 rats
748 creatures vanquished.

Vanquished Creatures (collateral kills)
  An entropy weaver (Gauntlet)
  2 naga sharpshooters (Snake:3)
  The ghost of AtomicRavioli the Reanimator, a novice HuNe (D:7)
  A black mamba (Snake:3)
  A troll (Snake:3)
  A jumping spider (Gauntlet)
  A redback (Gauntlet)
  4 orc warriors
  An ice beast (D:7)
  A phantom (D:7)
  2 orc wizards (Snake:3)
16 creatures vanquished.

Vanquished Creatures (others)
  2 two-headed ogres (Volcano)
  A centaur (Volcano)
  An iguana (Lair:6)
  27 fungi
  61 plants
92 creatures vanquished.

Grand Total: 856 creatures vanquished

Notes
Turn   | Place    | Note
-------+----------+-------------------------------------------
     0 | D:1      | jejorda2 the Minotaur Berserker began the quest for the
                  | Orb.
     0 | D:1      | Reached XP level 1. HP: 19/19 MP: 0/0
   232 | D:1      | Reached XP level 2. HP: 27/27 MP: 1/1
  1088 | D:2      | Found Qaful's Antique Armour Shoppe.
  1196 | D:2      | Reached XP level 3. HP: 33/33 MP: 2/2
  2212 | D:3      | Noticed a centaur
  2224 | D:3      | Reached skill level 5 in Polearms
  2224 | D:3      | Reached XP level 4. HP: 41/41 MP: 3/3
  2229 | D:3      | Killed a centaur
  2230 | D:3      | Reached XP level 5. HP: 47/47 MP: 4/4
  2237 | D:3      | Reached ** piety under Trog
  2279 | D:3      | Found a sparkling altar of Nemelex Xobeh.
  2367 | D:3      | Found Oqeppumi's Assorted Antiques.
  2786 | D:4      | Found a staircase to the Ecumenical Temple.
  2790 | D:4      | Found a glowing silver altar of Zin.
  2792 | D:4      | Noticed an angel
  2796 | D:4      | Found a shimmering altar of Xom.
  2804 | D:4      | Reached skill level 5 in Fighting
  2967 | D:4      | Reached skill level 1 in Axes
  3258 | D:5      | Entered Level 5 of the Dungeon
  3263 | D:5      | Reached XP level 6. HP: 56/56 MP: 5/5
  3281 | D:5      | Reached skill level 2 in Axes
  3462 | D:5      | Noticed a water moccasin
  3470 | D:5      | Killed a water moccasin
  3471 | D:5      | Reached skill level 3 in Axes
  3590 | D:5      | Found a shimmering blue altar of Sif Muna.
  3726 | D:5      | Reached skill level 4 in Axes
  3726 | D:5      | Reached skill level 5 in Armour
  3726 | D:5      | Reached XP level 7. HP: 29/62 MP: 6/6
  3732 | D:5      | Reached skill level 5 in Axes
  4326 | D:5      | Reached skill level 6 in Axes
  4327 | D:5      | Reached *** piety under Trog
  4328 | D:5      | Reached XP level 8. HP: 57/70 MP: 7/7
  4626 | D:2      | Bought a pitted cloak for 266 gold pieces
  4626 | D:2      | Identified the -6 cloak of the World {*Corrode rN++ Dex+3}
                  | (You bought it in a shop on level 2 of the Dungeon)
  4700 | D:5      | Identified 2 scrolls of acquirement
  4700 | D:5      | Acquired a manual of Dodging
  4702 | D:5      | Acquired a manual of Fighting
  5022 | D:6      | Reached skill level 7 in Axes
  5166 | D:6      | Found a white marble altar of Elyvilon.
  5583 | D:6      | Reached **** piety under Trog
  5756 | D:6      | Found an ornate altar of the Wu Jian Council.
  5891 | D:6      | Reached skill level 8 in Axes
  5900 | D:6      | Reached skill level 5 in Dodging
  6077 | D:7      | Reached skill level 9 in Axes
  6221 | D:7      | Reached XP level 9. HP: 82/82 MP: 8/8
  6466 | D:7      | Found a runed translucent gate.
  6466 | D:7      | Found a runed translucent gate.
  6538 | D:7      | Found a runed translucent gate.
  6541 | D:7      | Noticed a troll
  6541 | D:7      | Noticed AtomicRavioli's ghost (novice HuNe)
  6800 | D:7      | Reached skill level 10 in Axes
  7120 | D:7      | Reached skill level 10 in Fighting
  7152 | D:7      | Noticed a cyclops
  7156 | D:7      | Noticed a centaur warrior
  7165 | D:7      | Reached skill level 11 in Axes
  7737 | D:7      | Reached XP level 10. HP: 63/94 MP: 9/9
  8261 | D:7      | Killed AtomicRavioli's ghost
  8340 | D:8      | Found a staircase to the Lair.
  8428 | D:8      | Reached skill level 12 in Axes
  8549 | D:8      | Noticed a manticore
  8557 | D:8      | Killed a manticore
  8558 | D:8      | Reached skill level 10 in Dodging
  8932 | D:8      | Noticed a skeletal warrior
  8941 | D:8      | Killed a skeletal warrior
  8941 | D:8      | Reached ***** piety under Trog
  8942 | D:8      | Reached skill level 13 in Axes
  9110 | D:8      | Noticed a two-headed ogre
  9118 | D:8      | Killed a two-headed ogre
  9908 | D:9      | Reached XP level 11. HP: 88/102 MP: 10/10
  9973 | D:9      | Found a blossoming altar of Fedhas.
  9991 | D:9      | Found a broken altar of Ashenzari.
 10119 | D:9      | Found a runed translucent door.
 10120 | D:9      | Found a shimmering altar of Xom.
 10120 | D:9      | Noticed cobaltphoenix's ghost (novice DrVM)
 10121 | D:9      | Noticed a +1 scimitar of chaos
 10144 | D:9      | Noticed a boulder beetle
 10164 | D:9      | Killed a boulder beetle
 10165 | D:9      | Reached skill level 14 in Axes
 10547 | D:9      | Found a staircase to the Orcish Mines.
 10689 | D:9      | Noticed a two-headed ogre
 10697 | D:9      | Killed a two-headed ogre
 10862 | D:9      | Found a radiant altar of Vehumet.
 10863 | D:9      | Found a burning altar of Makhleb.
 11505 | D:2      | Bought an embroidered scarf for 224 gold pieces
 11689 | D:10     | Entered Level 10 of the Dungeon
 11719 | D:10     | Found a flagged portal.
 11728 | Bailey   | Entered a bailey
 11759 | Bailey   | Identified the +3 glaive of Strategic Superiority {flame,
                  | Will+} (Trog gifted it to you in a bailey)
 11759 | Bailey   | Received a gift from Trog
 12715 | Bailey   | Reached skill level 15 in Axes
 13013 | Bailey   | Noticed an orc knight
 13025 | Bailey   | Killed an orc knight
 13030 | Bailey   | Identified the +5 mace of the Bouncing Brambles {elec,
                  | Will+}
 13746 | D:10     | Noticed Josephine
 13760 | D:10     | Killed Josephine
 14184 | Lair:1   | Entered Level 1 of the Lair of Beasts
 14202 | Lair:1   | Reached XP level 12. HP: 104/112 MP: 11/11
 14209 | Lair:1   | Reached skill level 10 in Armour
 14637 | Lair:1   | Reached skill level 16 in Axes
 14867 | Lair:1   | Reached skill level 18 in Axes
 14867 | Lair:1   | Reached XP level 13. HP: 118/118 MP: 12/12
 15488 | Lair:2   | Found a gate leading to a gauntlet.
 15497 | Gauntlet | Entered a Gauntlet
 15497 | Gauntlet | Found a transporter.
 15641 | Gauntlet | Found a transporter.
 15653 | Gauntlet | Found a transporter.
 15655 | Gauntlet | Found a transporter.
 15673 | Gauntlet | Found a transporter.
 15681 | Gauntlet | Found a transporter.
 15685 | Gauntlet | Found a transporter.
 15695 | Gauntlet | Found a transporter.
 15708 | Gauntlet | Found a runed translucent gate.
 15709 | Gauntlet | Found a transporter.
 15709 | Gauntlet | Found a runed translucent gate.
 15710 | Gauntlet | Found a runed translucent gate.
 15711 | Gauntlet | Noticed an entropy weaver
 15723 | Gauntlet | Found a transporter.
 15727 | Gauntlet | Found a transporter.
 15735 | Gauntlet | Found a transporter.
 15841 | Gauntlet | Paralysed by a hornet for 1 turns
 15893 | Gauntlet | Identified the +0 pair of boots "Fenubberuo" {+Blink Str+2}
 15899 | Gauntlet | Killed an entropy weaver
 15945 | Gauntlet | Noticed a minotaur
 15955 | Gauntlet | Killed a minotaur
 16032 | Lair:2   | Found a dark tunnel.
 16051 | Volcano  | Entered a volcano
 17458 | Lair:2   | Reached XP level 14. HP: 126/126 MP: 13/13
 17461 | Lair:2   | You fall into a shaft and drop 2 floors!
 17499 | Lair:4   | Reached skill level 19 in Axes
 17601 | Lair:4   | Found a staircase to the Snake Pit.
 18890 | Lair:2   | Reached skill level 1 in Throwing
 18890 | Lair:2   | Reached skill level 1 in Evocations
 19250 | Lair:2   | Received a gift from Trog
 20882 | Lair:4   | Found a staircase to the Swamp.
 21987 | Lair:5   | Found a viscous altar of Jiyva.
 21988 | Lair:5   | Found a staircase to the Slime Pits.
 22137 | Lair:6   | Entered Level 6 of the Lair of Beasts
 22304 | Lair:6   | Reached skill level 5 in Evocations
 23219 | Lair:6   | Found a snail-covered altar of Cheibriados.
 23379 | Lair:6   | Received a gift from Trog
 23517 | Lair:6   | Reached XP level 15. HP: 136/136 MP: 14/14
 24981 | D:11     | Noticed Erica
 24993 | D:11     | Killed Erica
 25022 | D:11     | Noticed Sonja
 25023 | D:11     | Killed Sonja
 25175 | D:11     | Received a gift from Trog
 25184 | D:11     | Reached ****** piety under Trog
 25266 | D:11     | Found the +18 shield of the Gong {rElec rN+ Will+ EV-5}
 25599 | Orc:1    | Entered Level 1 of the Orcish Mines
 25828 | Orc:2    | Entered Level 2 of the Orcish Mines
 25917 | Orc:2    | Noticed an orc warlord
 25925 | Orc:2    | Noticed Nergalle
 26215 | Orc:1    | Killed an orc warlord
 26215 | Orc:1    | Received a gift from Trog
 26467 | Orc:2    | Killed Nergalle
 26561 | Orc:2    | Reached skill level 15 in Fighting
 26561 | Orc:2    | Reached skill level 5 in Throwing
 26770 | Orc:2    | Found a burning altar of Makhleb.
 26777 | Orc:2    | Identified the +1 robe of Resonance {rPois Regen+ Stlth-}
 26885 | Orc:1    | You fall into a shaft and drop 1 floor!
 27109 | Orc:2    | Found Queq's Jewellery Emporium.
 27507 | Orc:2    | Found a staircase to the Elven Halls.
 28115 | Orc:2    | Found Xooxuergh's Antique Armour Emporium.
 28149 | Orc:2    | Found Ynlix's Antique Weapon Emporium.
 28165 | Orc:2    | Found Gimor's General Store.
 28188 | Orc:2    | Bought a pair of faintly humming gloves for 294 gold pieces
 28188 | Orc:2    | Identified the -2 pair of gloves "Gessoute" {Harm Dex+2}
                  | (You bought it in a shop on level 2 of the Orcish Mines)
 28188 | Orc:2    | Bought a bronze plate armour for 868 gold pieces
 28188 | Orc:2    | Identified the +4 plate armour of Laoqures {rElec rPois
                  | Dex-3 SInv} (You bought it in a shop on level 2 of the
                  | Orcish Mines)
 28394 | Snake:1  | Entered Level 1 of the Snake Pit
 28449 | Snake:1  | Received a gift from Trog
 28479 | Snake:1  | Found Lameefro's Magic Scroll Shoppe.
 28718 | Snake:1  | Found Woiqiqiff's Book Emporium.
 28718 | Snake:1  | Found Usism's Antique Weapon Emporium.
 28720 | Snake:1  | Found Fotyz's Weapon Emporium.
 28720 | Snake:1  | Found Laorgh's Distillery.
 28744 | Snake:1  | Found Guqiczeli's Antique Weapon Emporium.
 29797 | Snake:1  | Found Himooff's Magic Scroll Emporium.
 29808 | Snake:1  | Bought a scroll of enchant armour for 105 gold pieces
 30132 | Snake:1  | Found Baycs's General Store.
 30179 | Snake:1  | Found Xaino's Weapon Shoppe.
 30878 | Snake:2  | Found Aneguv's Antique Weapon Boutique.
 30921 | Snake:2  | Found Qoviqupe's Antique Weapon Shop.
 30921 | Snake:2  | Found Counk's Magic Scroll Boutique.
 30925 | Snake:2  | Found Gadeqaocuo's Antique Weapon Shop.
 31579 | Snake:2  | Reached skill level 1 in Stealth
 32263 | Snake:2  | Reached XP level 16. HP: 151/151 MP: 15/15
 32862 | Snake:3  | Identified the +4 executioner's axe of Bodily Harmony
                  | {vorpal, rElec Will++ Str-3 Dex+10} (Trog gifted it to you
                  | on level 3 of the Snake Pit)
 32862 | Snake:3  | Received a gift from Trog
 33525 | Snake:3  | Reached skill level 20 in Axes
 34003 | Snake:3  | Noticed Saint Roka
 34236 | Snake:3  | Killed Saint Roka
 34375 | Snake:3  | Noticed Vashnia
 34474 | Snake:3  | Shot with a bolt by Vashnia

Illustrated notes

Levels and vault maps discovered:
D:1:      dpeg_arrival_oval, layout_basic, minmay_pentomino_t2
D:2:      layout_basic, serial_shops, shop
D:3:      layout_basic, nemelex_diamond_rough_becter, serial_shops,
          nicolae_shop_overgrown_old_shop, chequers_garden
D:4:      layout_rooms, grunt_temple_overflow_order_and_chaos_1,
          minmay_temple_entry_trees, hex_medium,
          hangedman_abyss_or_decor_lesser_grid, minmay_fractal_squares_gapless_5
D:5:      layout_basic, nicolae_sif_muna_condensation
D:6:      corexii_shack_village, layout_loops_corners, old_standard_altar,
          nicolae_overflow_crystal_walls, grunt_potential
D:7:      nzn_winding_woodlands_medium [nzn_winding_woodlands_5x5_perimeter,
          nzn_winding_woodlands_5x15_split_checker,
          nzn_winding_woodlands_5x5_cross, nzn_winding_woodlands_5x5_default,
          nzn_winding_woodlands_center_pierced_h,
          nzn_winding_woodlands_hourglass,
          nzn_winding_woodlands_5x5_closed_star,
          nzn_winding_woodlands_5x15_parted, nzn_winding_woodlands_5x5_three],
          layout_basic, gammafunk_ghost_split
D:8:      hangedman_cross_stitches, layout_cave_pools, lair_entry_dummy,
          minmay_small_thing
D:9:      layout_rooms, grunt_temple_overflow_lords_of_destruction,
          nicolae_ashenzari_skybound, fedhas_altar_2, david_orc_2,
          ebering_ghost_xom, nzn_sisyphean_effort
D:10:     layout_cave_pools, enter_bailey_3, uniq_josephine
D:11:     layout_rooms, uniq_erica, uniq_sonja
Lair:1:   layout_misc_corridors
Lair:2:   layout_regular_city, nicolae_volcano_entry_hallway,
          gauntlet_entry_generic, beast_lair_carwin_1
Lair:3:   layout_chaotic_city, kennysheep_abandoned_house, grunt_megastairs_5
Lair:4:   layout_big_grid, skrybe_swamp_entry_bodies, dummy_snake_entry
Lair:5:   layout_loops_ring, slime_altar_1, st_stairs_7
Lair:6:   guppyfry_lair_end_dragon, layout_loops_ring,
          hangedman_lair_caniforms_friends, st_stairs_11,
          kennysheep_snail_temple, serial_bayou_shore_a
Snake:1:  layout_honeycomb, serial_shops, shop_scrolls, shop, shop, shop, shop,
          minmay_shop_grid_forest
Snake:2:  layout_basic, minmay_shoptagon, serial_bayou_shore_b
Snake:3:  layout_chambers, serial_shops,
          nicolae_shop_competitors_out_of_business, minmay_shop_grove,
          grunt_megastairs_3, serial_bayou_shore_b, serial_bayou_shore_b,
          uniq_vashnia, uniq_bai_suzhen, uniq_saint_roka, uniq_aizul
Orc:1:    layout_diamond_mine
Orc:2:    grunt_orc_cross, layout_diamond_mine, bloody_makhleb

Skill      XL: |  1  2  3  4  5  6  7  8  9 10 11 12 13 14 15 16 |
---------------+-------------------------------------------------+-----
Polearms       | 4 5 |  5.9
Fighting       | 4 5 6 8 10 12 13 16 | 16.2
Armour         | 3 4 5 6 9 11 14 | 14.0
Axes           | 1 4 6 9 11 13 15 18 19 20 | 20.7
Dodging        | 5 8 11 12 13 14 | 14.0
Throwing       | 4 8 9 |  9.1
Evocations     | 6 8 |  8.0
Stealth        | 1 2 |  2.2

Action                   |  1- 3 |  4- 6 |  7- 9 | 10-12 | 13-15 | 16-18 || total
-------------------------+-------+-------+-------+-------+-------+-------++-------
Melee: Spear             |    79 |    45 |       |       |       |       ||   124
       Headbutt          |    11 |    12 |    49 |    94 |   263 |    26 ||   455
       Hand axe          |       |    54 |   254 |   430 |   231 |       ||   969
       Mace              |       |       |       |       |   113 |       ||   113
       Battleaxe         |       |       |       |       |   824 |   130 ||   954
       Broad axe         |       |       |       |       |       |    12 ||    12
Throw: Boomerang         |       |       |       |     2 |     5 |     2 ||     9
       Dart              |       |       |       |       |     5 |       ||     5
Invok: Berserk           |     1 |     2 |     3 |     8 |     6 |     4 ||    24
       Trog's Hand       |       |     1 |       |     1 |     4 |     2 ||     8
       Brothers in Arms  |       |       |       |     4 |     2 |     3 ||     9
Evoke: Wand              |       |       |       |     1 |     1 |       ||     2
  Use: Scroll            |       |       |    18 |     4 |    12 |       ||    34
       Potion            |       |       |       |     1 |       |       ||     1
 Stab: Sleeping          |     1 |       |       |       |       |       ||     1
       Distracted        |       |       |       |       |       |     1 ||     1
Armor: Animal skin       |    11 |       |       |       |       |       ||    11
       Chain mail        |     9 |    57 |    72 |       |       |       ||   138
       Plate armour      |       |       |    35 |   111 |   105 |    54 ||   305
       Crystal plate arm |       |       |       |    68 |   523 |       ||   591
Dodge: Dodged            |    18 |    37 |    92 |   202 |   483 |    48 ||   880

Table legend: (Time is in decaauts)
 A = Elapsed time spent in this place.
 B = Non-inter-level travel time spent in this place.
 C = Inter-level travel time spent in this place.
 D = Time resting spent in this place.
 E = Time spent auto-exploring this place.
 F = Levels seen in this place.
 G = Mean time per level.
                   A        B        C        D        E       F      G
               +--------+--------+--------+--------+--------+-----+--------+
         Total |  34160 |  32025 |   2135 |   2460 |  25141 |  25 | 1366.4 |
       Dungeon |  13892 |  12575 |   1317 |    767 |  10277 |  11 | 1262.9 |
          Lair |   9086 |   8622 |    464 |    426 |   7051 |   6 | 1514.3 |
     Snake Pit |   6000 |   5777 |    223 |     85 |   5159 |   3 | 2000.0 |
  Orcish Mines |   2613 |   2483 |    130 |    255 |   1758 |   2 | 1306.5 |
        Bailey |   1482 |   1482 |      0 |    485 |    581 |   1 | 1482.0 |
       Volcano |    576 |    576 |      0 |    352 |     34 |   1 |  576.0 |
      Gauntlet |    508 |    508 |      0 |     89 |    279 |   1 |  508.0 |
               +--------+--------+--------+--------+--------+-----+--------+

Top non-repeatable levels by time:
  Lair:6: 2547 daAuts
 Snake:1: 2366 daAuts
 Snake:2: 2347 daAuts
     D:7: 2309 daAuts
     D:8: 1950 daAuts
     D:6: 1722 daAuts
  Lair:2: 1704 daAuts
  Lair:4: 1695 daAuts
   Orc:2: 1588 daAuts
  Bailey: 1482 daAuts
     D:9: 1434 daAuts
  Lair:3: 1395 daAuts
 Snake:3: 1287 daAuts
     D:5: 1140 daAuts
     D:4: 1050 daAuts
